MID
PEORIA CHIEFS @ GREENSBORO GRASSHOPPERS
07/21/2047
 
TOP OF THE 1ST
Peoria Chiefs batting - Pitching for Greensboro Grasshoppers : RHP Jorge Lopez
Pitching: RHP Jorge Lopez
Batting: RHB Tim Cleary 0-0: Ball
1-0: Ball
2-0: Foul Ball, location: 2F
2-1: SINGLE (Groundball, 6S, EV 68.8 MPH) (infield hit)
Batting: RHB Tommy Tracy 0-0: Called Strike
0-1: Ball
Tim Cleary is caught stealing 2nd base 2-4
1-1: Reached on error, E4 (Groundball, 4, EV 90.6 MPH)
Batting: RHB Tommy Boudreaux 0-0: Ball
1-0: Ball
2-0: Ball
3-0: Base on Balls
Batting: LHB Travis Ruppel 0-0: Called Strike
0-1: Swinging Strike
0-2: Ball
1-2: Strikes out looking
Batting: RHB Robby Hickman 0-0: Ball
1-0: Ball
2-0: Foul Ball, location: 2F
2-1: Called Strike
2-2: Ball
3-2: Ground out 6-3 (Groundball, 6S, EV 66.9 MPH)
Top of the 1st over - 0 runs, 1 hit, 1 error, 2 left on base; Peoria 0 - Greensboro 0
BOTTOM OF THE 1ST
Greensboro Grasshoppers batting - Pitching for Peoria Chiefs : RHP Danny Cook
Pitching: RHP Danny Cook
Batting: LHB David Doge 0-0: Ball
1-0: Ball
2-0: Swinging Strike
2-1: Fly out, F7 (Flyball, 7LS, EV 89.4 MPH)
Batting: RHB Akira Suzuki 0-0: Ball
1-0: Fly out, F8 (Flyball, 8RD, EV 86.9 MPH)
Batting: RHB Manuel Taveras 0-0: Fly out, F9 (Flyball, 9LS, EV 88.1 MPH)
Bottom of the 1st over - 0 runs, 0 hits, 0 errors, 0 left on base; Peoria 0 - Greensboro 0
TOP OF THE 2ND
Peoria Chiefs batting - Pitching for Greensboro Grasshoppers : RHP Jorge Lopez
Batting: LHB Jorge Zarazua 0-0: Ball
1-0: Called Strike
1-1: Swinging Strike
1-2: SINGLE (Line Drive, 7S, EV 100.6 MPH)
Batting: RHB Jose Jimenez 0-0: Fly out, F8 (Line Drive, 8LD, EV 102.5 MPH)
Batting: RHB Tim Jobe 0-0: Ball
1-0: Foul Ball, location: 2F
1-1: Called Strike
1-2: Ball
2-2: Fly out, F9 (Flyball, 89D, EV 98.8 MPH)
Batting: RHB Vic Nelson 0-0: Ball
1-0: SINGLE (Groundball, 6S, EV 71.2 MPH) (infield hit)
Jorge Zarazua to second
Batting: RHB Tim Cleary 0-0: Ball
1-0: Ball
2-0: Ground out 4-3 (Groundball, 4, EV 98.8 MPH)
Top of the 2nd over - 0 runs, 2 hits, 0 errors, 2 left on base; Peoria 0 - Greensboro 0
BOTTOM OF THE 2ND
Greensboro Grasshoppers batting - Pitching for Peoria Chiefs : RHP Danny Cook
Batting: SHB Matt Moore 0-0: Called Strike
0-1: Ball
1-1: Swinging Strike
1-2: Ball
2-2: Ball
3-2: Strikes out swinging
Batting: RHB Nate Crofts 0-0: Ball
1-0: Ground out 3-1 (Groundball, 13, EV 90.0 MPH)
Batting: RHB Jim Fisher 0-0: Called Strike
0-1: Ball
1-1: Ball
2-1: Foul Ball, location: 2F
2-2: Foul Ball, location: 2F
2-2: Ball
3-2: Fly out, F9 (Flyball, 9S, EV 84.4 MPH)
Bottom of the 2nd over - 0 runs, 0 hits, 0 errors, 0 left on base; Peoria 0 - Greensboro 0
TOP OF THE 3RD
Peoria Chiefs batting - Pitching for Greensboro Grasshoppers : RHP Jorge Lopez
Batting: RHB Tommy Tracy 0-0: Ball
1-0: SINGLE (Groundball, 56D, EV 113.8 MPH)
Batting: RHB Tommy Boudreaux 0-0: Ball
Tommy Tracy steals 2nd base
1-0: Foul Ball, location: 2F
1-1: Ball
2-1: Swinging Strike
2-2: SINGLE (Groundball, 4MD, EV 108.1 MPH)
Tommy Tracy to third
Runner from 3rd tries for Home, SAFE, throw by CF to home
Batting: LHB Travis Ruppel 0-0: Foul Ball, location: 2F
0-1: Grounds into double play, 5-4-3 (Groundball, 5, EV 90.0 MPH)
Batting: RHB Robby Hickman 0-0: Called Strike
0-1: Swinging Strike
0-2: Strikes out swinging
Top of the 3rd over - 1 run, 2 hits, 0 errors, 0 left on base; Peoria 1 - Greensboro 0
BOTTOM OF THE 3RD
Greensboro Grasshoppers batting - Pitching for Peoria Chiefs : RHP Danny Cook
Batting: RHB Dennis Coppolino 0-0: Foul Ball, location: 2F
0-1: Foul Ball, location: 2F
0-2: Ball
1-2: Foul Ball, location: 2F
1-2: SOLO HOME RUN (Flyball, 7D, EV 95.6 MPH), Distance : 365 ft
Batting: RHB Chris Alft 0-0: Foul Ball, location: 2F
0-1: Ball
1-1: Foul Ball, location: 2F
1-2: Strikes out looking
Batting: RHB J.D. Vander Klok 0-0: Called Strike
0-1: Ball
1-1: Ball
2-1: SINGLE (Line Drive, 89S, EV 86.9 MPH)
Batting: LHB David Doge 0-0: Ball
1-0: Fly out, F8 (Line Drive, 8RD, EV 87.5 MPH)
Batting: RHB Akira Suzuki 0-0: Ball
1-0: SINGLE (Groundball, 4MD, EV 106.9 MPH)
J.D. Vander Klok to second
Runner from 2nd tries for 3rd, SAFE, throw by CF made to third
Batting: RHB Manuel Taveras 0-0: Swinging Strike
0-1: Ball
1-1: Swinging Strike
1-2: Ball
2-2: Foul Ball, location: 2F
2-2: Foul Ball, location: 2F
2-2: SINGLE (Line Drive, 6M, EV 95.6 MPH)
J.D. Vander Klok scores
Akira Suzuki to second
Batting: SHB Matt Moore 0-0: Ball
1-0: Called Strike
1-1: Ball
2-1: Foul Ball, location: 2F
2-2: Foul Ball, location: 2F
2-2: Foul Ball, location: 2F
2-2: Fly out, F7 (Flyball, 78S, EV 78.1 MPH)
Bottom of the 3rd over - 2 runs, 4 hits, 0 errors, 2 left on base; Peoria 1 - Greensboro 2
TOP OF THE 4TH
Peoria Chiefs batting - Pitching for Greensboro Grasshoppers : RHP Jorge Lopez
Batting: LHB Jorge Zarazua 0-0: Called Strike
0-1: Ball
1-1: DOUBLE (Line Drive, 9LM, EV 96.2 MPH)
Batting: RHB Jose Jimenez 0-0: Ball
1-0: Ball
2-0: Called Strike
2-1: Swinging Strike
2-2: Foul Ball, location: 2F
2-2: Strikes out swinging
Batting: RHB Tim Jobe 0-0: Fly out, F8 (Flyball, 8LM, EV 76.9 MPH)
Batting: RHB Vic Nelson 0-0: Ball
1-0: Called Strike
1-1: Fly out, F3 (Line Drive, 3, EV 70.0 MPH)
Top of the 4th over - 0 runs, 1 hit, 0 errors, 1 left on base; Peoria 1 - Greensboro 2
BOTTOM OF THE 4TH
Greensboro Grasshoppers batting - Pitching for Peoria Chiefs : RHP Danny Cook
Batting: RHB Nate Crofts 0-0: Called Strike
0-1: Ball
1-1: Ball
2-1: Fly out, F8 (Flyball, 8LM, EV 90.6 MPH)
Batting: RHB Jim Fisher 0-0: Called Strike
0-1: Ball
1-1: Ball
2-1: Ground out 3-1 (Groundball, 34, EV 76.9 MPH)
Batting: RHB Dennis Coppolino 0-0: Swinging Strike
0-1: Ball
1-1: Swinging Strike
1-2: SINGLE (Groundball, 6MD, EV 108.1 MPH)
Batting: RHB Chris Alft 0-0: Ball
1-0: Ball
2-0: Called Strike
2-1: Ball
3-1: Foul Ball, location: 2F
3-2: Strikes out looking
Bottom of the 4th over - 0 runs, 1 hit, 0 errors, 1 left on base; Peoria 1 - Greensboro 2
TOP OF THE 5TH
Peoria Chiefs batting - Pitching for Greensboro Grasshoppers : RHP Jorge Lopez
Batting: RHB Tim Cleary 0-0: Foul Ball, location: 2F
0-1: Foul Ball, location: 2F
0-2: Ball
1-2: Strikes out swinging
Batting: RHB Tommy Tracy 0-0: Ball
1-0: DOUBLE (Flyball, 78D, EV 102.5 MPH)
Batting: RHB Tommy Boudreaux 0-0: Ball
1-0: Fly out, F9 (Flyball, 9D, EV 95.0 MPH)
Runner from 2nd tags up, SAFE at 3rd, no throw by RF
Batting: LHB Travis Ruppel 0-0: Called Strike
0-1: Foul Ball, location: 2F
0-2: Strikes out swinging, 2-3 out at first.
Top of the 5th over - 0 runs, 1 hit, 0 errors, 1 left on base; Peoria 1 - Greensboro 2
BOTTOM OF THE 5TH
Greensboro Grasshoppers batting - Pitching for Peoria Chiefs : RHP Danny Cook
Batting: RHB J.D. Vander Klok 0-0: Called Strike
0-1: Swinging Strike
0-2: Ball
1-2: Foul Ball, location: 2F
1-2: Strikes out looking
Batting: LHB David Doge 0-0: Swinging Strike
0-1: Ball
1-1: Ball
2-1: Ground out 6-3 (Groundball, 6M, EV 89.4 MPH)
Batting: RHB Akira Suzuki 0-0: Ball
1-0: Ground out 5-3 (Groundball, 56, EV 88.1 MPH)
Bottom of the 5th over - 0 runs, 0 hits, 0 errors, 0 left on base; Peoria 1 - Greensboro 2
TOP OF THE 6TH
Peoria Chiefs batting - Pitching for Greensboro Grasshoppers : RHP Jorge Lopez
Batting: RHB Robby Hickman 0-0: Swinging Strike
0-1: Called Strike
0-2: Foul Ball, location: 2F
0-2: Foul Ball, location: 2F
0-2: Ball
1-2: Ground out 4-3 (Groundball, 4S, EV 92.5 MPH)
Batting: LHB Jorge Zarazua 0-0: Ground out 4-3 (Groundball, 4, EV 83.8 MPH)
Batting: RHB Jose Jimenez 0-0: Called Strike
0-1: Ball
1-1: Ball
2-1: Swinging Strike
2-2: Strikes out swinging
Top of the 6th over - 0 runs, 0 hits, 0 errors, 0 left on base; Peoria 1 - Greensboro 2
BOTTOM OF THE 6TH
Greensboro Grasshoppers batting - Pitching for Peoria Chiefs : RHP Danny Cook
Batting: RHB Manuel Taveras 0-0: Ball
1-0: Swinging Strike
1-1: Ball
2-1: Swinging Strike
2-2: Fly out, F4 (Popup, 3S, EV 85.0 MPH)
Pitching: LHP Nick Suggett
Batting: SHB Matt Moore 0-0: Called Strike
0-1: Foul Ball, location: 2F
0-2: Ball
1-2: Ball
2-2: DOUBLE (Line Drive, 7LM, EV 113.1 MPH)
Batting: RHB Nate Crofts 0-0: Ball
1-0: Ball
2-0: Ball
3-0: Base on Balls
Batting: RHB Jim Fisher 0-0: Fly out, F9 (Flyball, 89S, EV 86.2 MPH)
Batting: RHB Dennis Coppolino 0-0: Called Strike
0-1: Foul Ball, location: 2F
0-2: Fly out, F8 (Line Drive, 89M, EV 88.8 MPH)
Bottom of the 6th over - 0 runs, 1 hit, 0 errors, 2 left on base; Peoria 1 - Greensboro 2
TOP OF THE 7TH
Peoria Chiefs batting - Pitching for Greensboro Grasshoppers : RHP Jorge Lopez
Pitching: RHP Joe Lynn
Batting: RHB Tim Jobe 0-0: Ball
1-0: Called Strike
1-1: Ball
2-1: Foul Ball, location: 2F
2-2: Ball
3-2: Strikes out swinging
Batting: RHB Vic Nelson 0-0: Called Strike
0-1: Foul Ball, location: 2F
0-2: Strikes out swinging
Batting: RHB Tim Cleary 0-0: Ball
1-0: Ball
2-0: Called Strike
2-1: DOUBLE (Line Drive, 9LM, EV 105.0 MPH)
Batting: RHB Tommy Tracy 0-0: Called Strike
0-1: Foul Ball, location: 2F
0-2: Strikes out looking
Top of the 7th over - 0 runs, 1 hit, 0 errors, 1 left on base; Peoria 1 - Greensboro 2
BOTTOM OF THE 7TH
Greensboro Grasshoppers batting - Pitching for Peoria Chiefs : LHP Nick Suggett
Batting: RHB Chris Alft 0-0: Ball
1-0: Swinging Strike
1-1: Ball
2-1: Foul Ball, location: 2F
2-2: Strikes out swinging
Batting: RHB J.D. Vander Klok 0-0: Ball
1-0: SINGLE (Groundball, 6MD, EV 110.0 MPH)
Batting: LHB David Doge 0-0: Called Strike
0-1: Foul Ball, location: 2F
0-2: Ball
1-2: Ball
2-2: Ball
3-2: Foul Ball, location: 2F
3-2: Base on Balls
J.D. Vander Klok to second
Batting: RHB Akira Suzuki 0-0: Ball
1-0: Ball
2-0: Ball
3-0: Called Strike
3-1: Base on Balls
J.D. Vander Klok to third
David Doge to second
Batting: RHB Manuel Taveras 0-0: Ball
1-0: Called Strike
1-1: Ball
2-1: Ball
3-1: Foul Ball, location: 2F
3-2: SINGLE (Line Drive, 8LS, EV 106.2 MPH)
J.D. Vander Klok scores
David Doge to third
Akira Suzuki to second
Runner from 3rd tries for Home, SAFE, throw by CF to home
Batting: SHB Matt Moore 0-0: Swinging Strike
0-1: Called Strike
0-2: Ball
1-2: Ball
2-2: Ball
Wild Pitch!
Akira Suzuki to third
Manuel Taveras to second
3-2: Ground out 5-3 (Groundball, 56S, EV 82.5 MPH)
Batting: RHB Nate Crofts 0-0: Ball
1-0: Ball
2-0: Ground out 6-3 (Groundball, 6, EV 86.2 MPH)
Bottom of the 7th over - 2 runs, 2 hits, 0 errors, 2 left on base; Peoria 1 - Greensboro 4
TOP OF THE 8TH
Peoria Chiefs batting - Pitching for Greensboro Grasshoppers : RHP Joe Lynn
Pitching: LHP Bryan Wedge
Batting: RHB Tommy Boudreaux 0-0: Called Strike
0-1: SINGLE (Flyball, 8LS, EV 95.0 MPH)
Batting: LHB Travis Ruppel 0-0: SINGLE (Groundball, 34S, EV 86.2 MPH) (infield hit)
Tommy Boudreaux to second
Batting: RHB Robby Hickman 0-0: Ball
1-0: Ball
2-0: Ball
3-0: Base on Balls
Tommy Boudreaux to third
Travis Ruppel to second
Pinch Hitting: SHB Bobby O'Leary 0-0: Called Strike
0-1: Ball
1-1: Called Strike
1-2: Ball
2-2: Foul Ball, location: 2F
2-2: Ball
3-2: Foul Ball, location: 2F
3-2: SINGLE (Groundball, 6, EV 79.4 MPH) (infield hit)
Tommy Boudreaux scores
Travis Ruppel to third
Robby Hickman to second
Batting: RHB Jose Jimenez 0-0: Ball
1-0: Ball
2-0: Called Strike
2-1: Swinging Strike
2-2: Strikes out swinging
Batting: RHB Tim Jobe 0-0: Called Strike
0-1: SINGLE (Groundball, 34D, EV 108.8 MPH)
Travis Ruppel scores
Robby Hickman to third
Bobby O'Leary to second
Runner from 3rd tries for Home, SAFE, throw by RF to home
Batting: RHB Vic Nelson 0-0: Ball
1-0: Ball
2-0: Fielders Choice at 2nd, 6-4 (Groundball, 6, EV 86.2 MPH)
Bobby O'Leary to third
Batting: RHB Tim Cleary 0-0: Ball
1-0: Fly out, F7 (Flyball, 7S, EV 76.2 MPH)
Top of the 8th over - 3 runs, 4 hits, 0 errors, 2 left on base; Peoria 4 - Greensboro 4
BOTTOM OF THE 8TH
Greensboro Grasshoppers batting - Pitching for Peoria Chiefs : LHP Nick Suggett
Pitching: LHP John Grinter
Now at 1B: Tommy Tracy
Now in CF: Fekadu Alhaadi
Now in RF: Jose Jimenez
Batting: RHB Jim Fisher 0-0: Ball
1-0: Called Strike
1-1: Ball
2-1: Foul Ball, location: 2F
2-2: Foul Ball, location: 2F
2-2: Foul Ball, location: 2F
2-2: Foul Ball, location: 2F
2-2: Ball
3-2: Strikes out looking
Batting: RHB Dennis Coppolino 0-0: Ball
1-0: Ball
2-0: Called Strike
2-1: Fly out, F7 (Line Drive, 7LM, EV 93.1 MPH)
Batting: RHB Chris Alft 0-0: Ball
1-0: Fly out, F9 (Line Drive, 9, EV 91.9 MPH)
Bottom of the 8th over - 0 runs, 0 hits, 0 errors, 0 left on base; Peoria 4 - Greensboro 4
TOP OF THE 9TH
Peoria Chiefs batting - Pitching for Greensboro Grasshoppers : LHP Bryan Wedge
Pitching: LHP Tyler Murders
Batting: RHB Tommy Tracy 0-0: Fly out, F4 (Popup, 3S, EV 75.0 MPH)
Batting: RHB Tommy Boudreaux 0-0: Ball
1-0: Ball
2-0: Ball
3-0: Base on Balls
Batting: RHB Chris Norris 0-0: Foul Ball, location: 2F
0-1: Called Strike
0-2: Ball
1-2: SINGLE (Groundball, 4D, EV 102.5 MPH)
Tommy Boudreaux to second
Runner from 2nd tries for 3rd, SAFE, throw by CF made to third
Batting: RHB Robby Hickman 0-0: Called Strike
0-1: Foul Ball, location: 2F
0-2: Foul Ball, location: 2F
0-2: Strikes out swinging
Batting: RHB Fekadu Alhaadi 0-0: Called Strike
0-1: Fielders Choice at 2nd, 6-4 (Groundball, 6, EV 101.9 MPH)
Top of the 9th over - 0 runs, 1 hit, 0 errors, 2 left on base; Peoria 4 - Greensboro 4
BOTTOM OF THE 9TH
Greensboro Grasshoppers batting - Pitching for Peoria Chiefs : LHP John Grinter
Batting: RHB J.D. Vander Klok 0-0: Ball
1-0: Fly out, F5 (Popup, 25F, EV 86.9 MPH)
Batting: LHB David Doge 0-0: Ball
1-0: SINGLE (Groundball, 4MD, EV 101.2 MPH)
Batting: RHB Akira Suzuki 0-0: Ball
David Doge steals 2nd base
1-0: Ball
2-0: Ball
3-0: Base on Balls
Batting: RHB Manuel Taveras 0-0: Foul Ball, location: 2F
0-1: Swinging Strike
0-2: Ball
1-2: Ball
2-2: Foul Ball, location: 2F
2-2: Ball
3-2: Grounds into double play, 4-6-3 (Groundball, 4, EV 80.0 MPH)
Bottom of the 9th over - 0 runs, 1 hit, 0 errors, 1 left on base; Peoria 4 - Greensboro 4
TOP OF THE 10TH
Peoria Chiefs batting - Pitching for Greensboro Grasshoppers : LHP Tyler Murders
Batting: RHB Jose Jimenez 0-0: Ball
1-0: SINGLE (Groundball, 5S, EV 63.1 MPH) (infield hit)
Batting: RHB Tim Jobe 0-0: Foul Ball, location: 2F
0-1: Called Strike
0-2: Ball
1-2: Foul Ball, location: 2F
1-2: Foul Ball, location: 2F
1-2: Ball
2-2: Ball
3-2: Ground out 6-3 (Groundball, 6, EV 102.5 MPH)
Jose Jimenez to second
Batting: RHB Vic Nelson 0-0: Ground out 6-3 (Groundball, 6, EV 82.5 MPH)
Jose Jimenez to third
Batting: RHB Tim Cleary 0-0: Ball
1-0: Foul Ball, location: 2F
1-1: Ball
2-1: Swinging Strike
2-2: Strikes out swinging
Top of the 10th over - 0 runs, 1 hit, 0 errors, 1 left on base; Peoria 4 - Greensboro 4
BOTTOM OF THE 10TH
Greensboro Grasshoppers batting - Pitching for Peoria Chiefs : LHP John Grinter
Pitching: RHP Pabiyan Vetlitsky
Batting: SHB Matt Moore 0-0: Called Strike
0-1: Swinging Strike
0-2: Strikes out swinging
Pinch Hitting: LHB Ryan Karg 0-0: SINGLE (Groundball, 34S, EV 75.0 MPH) (infield hit)
Batting: RHB Jim Fisher 0-0: Fly out, F8 (Flyball, 8LS, EV 88.1 MPH)
Batting: RHB Dennis Coppolino 0-0: Foul Ball, location: 2F
0-1: Ball
1-1: Ball
2-1: Foul Ball, location: 2F
2-2: Ground out 1-3 (Groundball, P, EV 66.2 MPH)
Bottom of the 10th over - 0 runs, 1 hit, 0 errors, 1 left on base; Peoria 4 - Greensboro 4
TOP OF THE 11TH
Peoria Chiefs batting - Pitching for Greensboro Grasshoppers : LHP Tyler Murders
Pitching: LHP Geoff Goss
Now at 1B: Jose Cabello
Batting: RHB Tommy Tracy 0-0: Ground out 6-3 (Groundball, 6, EV 96.2 MPH)
Batting: RHB Tommy Boudreaux 0-0: Ball
1-0: Ground out 4-3 (Groundball, 4MS, EV 70.6 MPH)
Batting: RHB Chris Norris 0-0: Ball
1-0: Ground out 4-3 (Groundball, 4, EV 79.4 MPH)
Top of the 11th over - 0 runs, 0 hits, 0 errors, 0 left on base; Peoria 4 - Greensboro 4
BOTTOM OF THE 11TH
Greensboro Grasshoppers batting - Pitching for Peoria Chiefs : RHP Pabiyan Vetlitsky
Batting: RHB Chris Alft 0-0: Called Strike
0-1: SINGLE (Line Drive, 3D, EV 87.5 MPH)
Batting: RHB J.D. Vander Klok 0-0: Ball
1-0: Ball
2-0: Called Strike
2-1: Ground out 5-3 (Groundball, 56S, EV 58.1 MPH)
Chris Alft to second
Batting: LHB David Doge 0-0: Ball
1-0: Ball
2-0: Ball
3-0: Called Strike
3-1: DOUBLE (Flyball, 8RXD, EV 110.0 MPH)
Chris Alft scores
Bottom of the 11th over - 1 run, 2 hits, 0 errors, 1 left on base; Peoria 4 - Greensboro 5
Thursday, December 15th , 2022 - OOTP Baseball 23.9 Build 102